 Dungeon Crawl Stone Soup version 0.30-a0-263-ge22c4ad894 (webtiles) character file.

Game seed: 8240532258092850273

2 sscrono2 the Sneak (level 1, 0/16 HPs)
             Began as an Octopode Delver on Oct 13, 2022.
             Killed from afar by Dowan (8 damage)
             ... with a puff of flame
             ... on level 5 of the Dungeon.
             The game lasted 00:00:17 (63 turns).

sscrono2 the Sneak (Octopode Delver)                  Turns: 63, Time: 00:00:18

Health: 0/16       AC:  1    Str: 11    XL:     1   Next: 40%
Magic:  1/1        EV: 13    Int: 12    God:
Gold:   0          SH:  0    Dex: 13    Spells: 0/0 levels left

rFire   . . .      SeeInvis .      - Unarmed
rCold   . . .      Faith    .    (no shield)
rNeg    . . .      Spirit   .    (helmet restricted)
rPois   .          Reflect  .    (no amulet)
rElec   .          Harm     .    (no ring)
rCorr   .          Rampage  .    (no ring)
Will    .....                    (no ring)
Stlth   ++........               (no ring)
HPRegen 0.22/turn                (no ring)
MPRegen 0.07/turn                (no ring)
                                 (no ring)
                                 (no ring)

@: lit by a corona, glowing
A: almost no armour, amphibious, 8 rings, camouflage 1, gelatinous body 1,
nimble swimmer 1, tentacles
a: no special abilities


You were on level 5 of the Dungeon.
You visited 1 branch of the dungeon, and saw 1 of its levels.

Inventory:

Wands
 e - a wand of digging (3)
Scrolls
 a - a scroll of fog
 b - a scroll of magic mapping
Potions
 d - a potion of haste
 f - a potion of flight {unknown}
 g - a potion of heal wounds {unknown}


   Skills:
 - Level 3.0 Fighting
 - Level 2.0 Dodging
 - Level 6.6 Stealth
 + Level 2.2 Unarmed Combat


You couldn't memorise any spells.
You didn't know any spells.
Your spell library was empty.

Dungeon Overview and Level Annotations

Branches:
Dungeon (5/15)
 Temple: D:4-7

Altars:

Annotations:
D:5 Dowan, Duvessa


Innate Abilities, Weirdness & Mutations

You cannot wear most types of armour.
You are amphibious.
You can wear up to eight rings at the same time.
Your skin changes colour to match your surroundings (Stealth+).
Your rubbery body absorbs attacks. (AC +1, EV +1)
You are camouflaged when in or above water. (Stealth+)
You have tentacles for arms and can constrict up to eight enemies at once.


Message History

The jackal is almost dead.
You constrict the jackal, but do no damage.
The jackal barely misses you.
You tentacle-slap the jackal.
You kill the jackal!
The jackal barks! x2; You hear a shout! x2
Dowan, Brother of Duvessa comes into view.
He is wielding a +2 dagger of venom.
The jackal misses you.
A worm comes into view.
The jackal barks!
You tentacle-slap the jackal but do no damage.
Your grab misses the jackal.
You hear a shout!
The jackal bites you.
You completely miss the jackal. You grab the jackal. You squeeze the jackal.
You kill the jackal!
A hound comes into view.
The jackal misses you. The jackal completely misses you.
The hound barks!
You tentacle-slap the jackal. Your grab misses the jackal.
The jackal is severely wounded.
The jackal closely misses you. x2
As you read the scroll of fear, it crumbles to dust.
You assume a fearsome visage.
Dowan resists with some effort.
The hound looks frightened!
The jackal looks frightened! x2
The worm looks frightened!
An adder comes into view.
Duvessa, Sister of Dowan comes into view.
She is wielding a +0 rapier.
A quokka comes into view.
Dowan points at you and mumbles some strange words.
You are outlined in light.
Dowan casts a spell.
Dowan blinks!
Dowan gestures at you while chanting. The puff of flame hits you!
Ouch! That really hurt!
Dowan casts a spell at you. The puff of flame hits you!
Ouch! That really hurt!
You die...

###### .....# .....####### #####
###......>.#######...#########
..#.####.....................
>.#.# #...####.......###..# ....#
###.#....~.~.....#..## ..#.#
#.###..@§~~..#.....## ..#.#
#..##...~.§~.####...####
###.#######.##......§..###.......
. .......>............er....e....
. #######.######.#..###........
#.# #.#..##......... #.#
#.#..##.#....... #.#
#.#..##...#..... #.#
........#.....


You could see Dowan and a quokka.

Vanquished Creatures
  2 jackals (D:5)
2 creatures vanquished.

Notes
Turn   | Place    | Note
-------+----------+-------------------------------------------
     0 | D:5      | sscrono2 the Octopode Delver began the quest for the Orb.
     0 | D:5      | Reached XP level 1. HP: 16/16 MP: 1/1
    44 | D:5      | Noticed Dowan
    46 | D:5      | Noticed a hound
    48 | D:5      | Noticed Duvessa
    63 | D:5      | Killed from afar by Dowan

Illustrated notes

Levels and vault maps discovered:
D:5:      layout_rooms, nicolae_ru_great_annihilating_truth,
          nicolae_hepliaklqana_monster_ancestors, minmay_temple_entry_waves,
          st_stairs_3, dk_vineyard_3, uniq_duvessa

Action                   || total
-------------------------++-------
Melee: Unarmed           ||     5
       Constrict         ||     2
       Tentacles         ||     1
  Use: Scroll            ||     1
 Stab: Sleeping          ||     1
Dodge: Dodged            ||     6

Table legend: (Time is in decaauts)
 A = Elapsed time spent in this place.
 B = Non-inter-level travel time spent in this place.
 C = Inter-level travel time spent in this place.
 D = Time resting spent in this place.
 E = Time spent auto-exploring this place.
 F = Levels seen in this place.
 G = Mean time per level.
                   A        B        C        D        E       F      G
               +--------+--------+--------+--------+--------+-----+--------+
         Total |     62 |     62 |      0 |      0 |     29 |   1 |   62.0 |
       Dungeon |     62 |     62 |      0 |      0 |     29 |   1 |   62.0 |
               +--------+--------+--------+--------+--------+-----+--------+

Top non-repeatable levels by time:
     D:5: 62 daAuts
